 Dungeon Crawl Stone Soup version 0.29.1-15-g9cfb28693d (webtiles) character file.

Game seed: 43917623496716870

19 croobank the Sneak (level 2, -1/21 HPs)
             Began as an Octopode Delver on Mar 13, 2023.
             Slain by a wolf (9 damage)
             ... on level 5 of the Dungeon.
             The game lasted 00:01:14 (263 turns).

croobank the Sneak (Octopode Delver)                 Turns: 263, Time: 00:01:15

Health: -1/21      AC:  1    Str: 11    XL:     2   Next: 75%
Magic:  2/2        EV: 13    Int: 12    God:
Gold:   27         SH:  0    Dex: 13    Spells: 1/1 levels left

rFire   . . .      SeeInvis .   i - +2 quarterstaff (speed)
rCold   . . .      Faith    .   (shield currently unavailable)
rNeg    . . .      Spirit   .   (helmet restricted)
rPois   .          Reflect  .   (no amulet)
rElec   .          Harm     .   (no ring)
rCorr   .          Rampage  .   (no ring)
Will    .....                   (no ring)
Stlth   ++++......              (no ring)
HPRegen 0.07/turn               (no ring)
MPRegen 0.08/turn               (no ring)
                                (no ring)
                                (no ring)

@: no status effects
A: almost no armour, amphibious, 8 rings, camouflage 1, gelatinous body 1,
(nimble swimmer 1), tentacles
a: no special abilities


You were on level 5 of the Dungeon.
You visited 1 branch of the dungeon, and saw 2 of its levels.

You collected 27 gold pieces.

Inventory:

Hand Weapons
 a - a +0 hand axe
 h - a +0 flail
 i - a +2 quarterstaff of speed (weapon)
Wands
 f - a wand of digging (3)
Scrolls
 b - a scroll of fog
 c - a scroll of magic mapping
Potions
 e - a potion of haste
 g - a potion of berserk rage {unknown}


   Skills:
 + Level 3.2 Fighting
 + Level 2.3 Axes
 + Level 2.3 Dodging
 + Level 6.8 Stealth


You had one spell level left.
You didn't know any spells.
Your spell library was empty.

Dungeon Overview and Level Annotations

Branches:
Dungeon (6/15)
 Temple: D:4-7

Altars:
Qazlal


Innate Abilities, Weirdness & Mutations

You cannot wear most types of armour.
You are amphibious.
You can wear up to eight rings at the same time.
Your skin changes colour to match your surroundings (Stealth+).
Your rubbery body absorbs attacks. (AC +1, EV +1)
((You are camouflaged when in or above water. (Stealth+)))
You have tentacles for arms and can constrict up to eight enemies at once.


Message History

The gnoll shouts!
The gnoll barely misses you.
You hit the gnoll. Your grab misses the gnoll.
The gnoll is moderately wounded.
The gnoll closely misses you. x2
You hit the gnoll. Your grab misses the gnoll.
The gnoll is severely wounded.
The gnoll hits you with a +0 whip!
You slash the gnoll!
You kill the gnoll!
You start resting.
HP restored.
Things that are here:
a +0 whip; a gnoll corpse
Okay, then.
You open the large door.
A gnoll sergeant and a wolf come into view.
Found a runed quarterstaff.
You close the large door.
Found a stormy altar of Qazlal.
Unknown command.
You open the large door.
There is a large open door here.
The gnoll sergeant shouts!
The wolf howls!
You see here a +2 quarterstaff of speed.
i - a +2 quarterstaff of speed The gnoll sergeant hits you from afar with a +0 spear!
The wolf bites you!
As you read the scroll of fear, it crumbles to dust.
You assume a fearsome visage.
The gnoll sergeant looks frightened!
The wolf looks frightened!
There is a large open door here.
Cornered, the wolf turns to fight!
You close the large door.
A gnoll sergeant opens the large door.
Okay, then.
Your tentacles tingle!
i - a +2 quarterstaff of speed (weapon)
You barely miss the wolf. Your grab misses the wolf. The wolf bites you!
You die...

#...............#
####...........##
##.........##
##.g......#
#..#...###
##..#### ##..##
##h.## #@..#
#....#..# #.....
#..# #.....# ....
....._ ####..
...... . .....
.....


You could see a gnoll sergeant and a wolf.

Vanquished Creatures
  2 gnolls (D:5)
2 creatures vanquished.

Notes
Turn   | Place    | Note
-------+----------+-------------------------------------------
     0 | D:5      | croobank the Octopode Delver began the quest for the Orb.
     0 | D:5      | Reached XP level 1. HP: 16/16 MP: 1/1
     5 | D:6      | Noticed a hound
    19 | D:6      | Noticed a necrophage
    68 | D:5      | Reached XP level 2. HP: 21/21 MP: 2/2
   226 | D:5      | Noticed a gnoll sergeant
   226 | D:5      | Noticed a wolf
   235 | D:5      | Found a stormy altar of Qazlal.
   263 | D:5      | Slain by a wolf

Illustrated notes

Levels and vault maps discovered:
D:5:      layout_cave_pods, nicolae_overflow_hidden_temple,
          overflow_temple_1_default, mainiacjoe_overflow_paths,
          kennysheep_little_box, lemuel_tele_altar, serial_gnoll_camp,
          gnoll_camp_mini_hut, gnoll_camp_huts_basic, gnoll_camp_mini_loothouse,
          gnoll_camp_mini_house, nicolae_shop_vocational
D:6:      layout_gridville, nicolae_overflow_crystal_walls, bloody_trog,
          nicolae_wu_jian_glorious_leap, nicolae_tso_besieged_by_evil,
          serial_shops, nicolae_shop_overgrown_old_shop, minmay_manual_monolith

Action                   || total
-------------------------++-------
Melee: Hand axe          ||     5
       Constrict         ||     1
       Quarterstaff      ||     1
  Use: Scroll            ||     1
 Stab: Sleeping          ||     1
Dodge: Dodged            ||     4
